Map: Mech-Depot LE

Players

Reiyon

  • Race: Protoss Protoss
  • League: Diamond
  • Spawn Location: 7:00

Panda - Winner!

  • Race: Zerg Zerg
  • League: Diamond
  • Spawn Location: 1:00

VOD

Have the link to the VOD?

Description

Time

  • Played on: Sept. 9, 2017, 4:30 p.m.
  • Length: 4:31
Show
View Real Time Build Order
Export as new Build Order

Reiyon Protoss 

Build Orders: 1 Gate Expand 

Get SALT Encoding   

  12  0:01  Probe (Chrono Boost)  
  13  0:11  Probe (Chrono Boost)  
  14  0:18  Pylon  
  14  0:22  Probe (Chrono Boost)  
  15  0:36  Probe (Chrono Boost)  
  15  0:38  Gateway  
  16  0:43  Assimilator  
  16  0:46  Probe (Chrono Boost)  
  18  0:57  Probe (Chrono Boost)  
  18  1:07  Probe (Chrono Boost)  
  19  1:18  Probe (Chrono Boost)  
  20  1:28  Nexus  
  20  1:35  Pylon  
  20  1:49  Cybernetics Core  
  20  1:52  Probe (Chrono Boost)  
  21  2:04  Probe (Chrono Boost)  
  22  2:10  Assimilator  
  21  2:26  Mothership Core (Chrono Boost)  
  23  3:01  Pylon  
  23  3:05  Adept (Chrono Boost)  
  23  3:08  Probe  
  24  3:17  Pylon  
  24  3:29  Probe  
  21  3:41  Probe  
  20  3:49  Pylon x2  
  19  4:10  Probe (Chrono Boost)  
Show
View Real Time Build Order
Export as new Build Order

Panda Zerg - Winner!

Build Orders: Pool Only 

Get SALT Encoding   

  12  0:00  Drone  
  13  0:16  Extractor  
  12  0:25  Spawning Pool  
  11  0:29  Drone  
  11  0:33  Drone  
  13  0:38  Drone  
  14  0:46  Overlord  
  14  1:12  Zergling x6  
  14  1:18  Queen  
  19  1:24  Zergling x2  
  20  1:31  Metabolic Boost  
  20  1:40  Zergling x2  
  21  1:57  Zergling x2  
  21  1:58  Overlord  
  22  2:21  Zergling x2  
  22  2:22  Zergling x2  
  24  2:25  Zergling x2  
  24  2:26  Zergling x2  
  26  2:33  Zergling x4  
  26  2:48  Zergling x2  
  27  2:56  Zergling x2  
  28  3:05  Zergling x2  
  28  3:23  Zergling x2  
  23  3:41  Zergling x8  
  27  3:57  Zergling x2  
  27  4:00  Zergling x2  
  29  4:08  Zergling x2  
Tags
 
Add a new tag
Caveats
  • Supply blocks, unpowered buildings, or Contaminate may cause inaccurate times.
  • Supply counts are checked every 10 seconds.